 Dungeon Crawl Stone Soup version 0.27.1 (webtiles) character file.

Game seed: 15494399368952635940

0 chaosape the Skirmisher (level 1, 0/23 HPs)
             Began as a Gnoll Wanderer on Aug 22, 2021.
             Frozen to death by an endoplasm (4 damage)
             ... on level 1 of the Dungeon.
             The game lasted 00:00:21 (12 turns).

chaosape the Skirmisher (Gnoll Wanderer)              Turns: 12, Time: 00:00:22

Health: 0/23       AC:  6    Str: 11    XL:     1   Next: 10%
Magic:  1/1        EV:  9    Int:  9    God:
Gold:   0          SH:  4    Dex: 13    Spells: 0/0 levels left

rFire    . . .     SeeInvis .   a - +0 dagger
rCold    . . .     Faith    .   c - +0 buckler
rNeg     . . .     Spirit   .   b - +0 ring mail
rPois    .         Reflect  .   (no helmet)
rElec    .         Harm     .   (no cloak)
rCorr    .         Rampage  .   (no gloves)
Will     .....                  (no boots)
Stlth    +.........             (no amulet)
HPRegen  0.07/turn              (no ring)
MPRegen  0.07/turn              (no ring)

@: no status effects
A: fangs 1, strong nose, distributed training
a: no special abilities


You were on level 1 of the Dungeon.
You visited 1 branch of the dungeon, and saw 1 of its levels.

Inventory:

Hand Weapons
 a - a +0 dagger (weapon)
Armour
 b - a +0 ring mail (worn)
 c - a +0 buckler (worn)
Miscellaneous
 d - a box of beasts (quivered)


   Skills:
 + Level 6.4 Fighting
 + Level 0.0 Short Blades
 + Level 0.0 Long Blades
 + Level 2.3 Axes
 + Level 0.0 Maces & Flails
 + Level 0.0 Polearms
 + Level 0.0 Staves
 + Level 0.0 Slings
 + Level 4.4 Bows
 + Level 0.0 Crossbows
 + Level 0.0 Throwing
 + Level 4.4 Armour
 + Level 0.0 Dodging
 + Level 0.0 Stealth
 + Level 2.3 Shields
 + Level 0.0 Unarmed Combat
 + Level 0.0 Spellcasting
 + Level 0.0 Conjurations
 + Level 0.0 Hexes
 + Level 0.0 Summonings
 + Level 0.0 Necromancy
 + Level 0.0 Translocations
 + Level 0.0 Transmutations
 + Level 0.0 Fire Magic
 + Level 0.0 Ice Magic
 + Level 0.0 Air Magic
 + Level 0.0 Earth Magic
 + Level 0.0 Poison Magic
 + Level 0.0 Invocations
 + Level 2.3 Evocations


You couldn't memorise any spells.
You didn't know any spells.
Your spell library was empty.

Dungeon Overview and Level Annotations

Branches:
Dungeon (1/15)

Altars:


Innate Abilities, Weirdness & Mutations

You have very sharp teeth.
Your uncanny sense of smell can sniff out nearby items.
Your experience applies equally to all skills.


Message History

You don't know any spells.
Your library has no spells.
Unknown command.
A ball python and an endoplasm come into view.
The endoplasm quivers.
Found 5 large rocks.
You hit the ball python. Your bite misses the ball python.
The ball python is moderately wounded.
The ball python barely misses you. x2
The endoplasm freezes you.
You are frozen.
You hit the ball python but do no damage.
The ball python is moderately wounded.
The ball python bites you. The ball python grabs you.
The ball python constricts you.
The endoplasm hits you but does no damage.
You hit the ball python.
You kill the ball python!
The endoplasm hits you but does no damage.
The endoplasm freezes you.
You are frozen.
You hit the endoplasm.
The endoplasm is moderately wounded.
The endoplasm hits you.
You hit the endoplasm.
The endoplasm is almost dead.
The endoplasm freezes you.
You are frozen.
* * * LOW HITPOINT WARNING * * *
You hit the endoplasm but do no damage.
You bite the endoplasm, but do no damage.
The endoplasm is almost dead.
The endoplasm hits you.
* * * LOW HITPOINT WARNING * * *
You hit the endoplasm but do no damage.
You bite the endoplasm, but do no damage.
The endoplasm is almost dead.
The endoplasm freezes you.
You are frozen.
You die...

#.....P...P.♣..P
................
#....P.....P..♣P
#. ♣....<.......
#..♣.P.....P....
#..............♣
#..♣♣.P...P.....
#...P♣..P.......
##.....@J.......
....P.....♣.....
####..P....P.#.#
#..#.#.......
##...#.##...
###.#.# (##
#.#.# # #.#


You could see an endoplasm.

Vanquished Creatures
  A ball python (D:1)
1 creature vanquished.

Notes
Turn   | Place    | Note
-------+----------+-------------------------------------------
     0 | D:1      | chaosape the Gnoll Wanderer began the quest for the Orb.
     0 | D:1      | chaosape set off with the following items: a +0 dagger, a
                  | +0 ring mail, a +0 buckler, a box of beasts
     0 | D:1      | Reached XP level 1. HP: 23/23 MP: 1/1
    12 | D:1      | Frozen to death by an endoplasm

Illustrated notes

Levels and vault maps discovered:
D:1:      wander_arrival_fairy_ring, layout_loops_ring,
          shapermc_ecumenical_altar_mp_ritualfount

Action                   || total
-------------------------++-------
Melee: Dagger            ||     7
       Bite              ||     2
Armor: Ring mail         ||     2
Dodge: Dodged            ||     2
